AoeStats
← RagnarLothbrok

Arena

510213447Analyzed
4v4 RM · 2d ago on Sep 30, 2026· 38m 14s· 8 players
Game mode
Random Map
Map size
Large (8 player)
Population
200
Speed
Normal
Resources
Standard
Victory
Conquest
Starting age
Dark Age
Ending age
Imperial Age
RankedLock teamsTeams togetherTeam positionsShared explorationLock speedFull tech treeHidden civsTurbo modeCheats
Victory
Defeat
🇦🇷 Jurchens · Argentina
1326
+14
🇨🇦 Britons · Canada
1297
+15
🇻🇪 Mongols · Venezuela
1293
+15
🇲🇦 Persians · Morocco
1258
+17
🇲🇽 Britons · Mexico
1360
-19
🇲🇽 Italians · Mexico
1272
-15
1241
-14
🇻🇳 Saracens · Vietnam
1232
-13
Theodore
3:26 Loom
7:02 Loom
11:06 Feudal Age
11:52 Double-Bit Axe
15:44 Castle Age
13:37 Horse Collar
14:14 Gold Mining
14:48 Stone Mining
16:41 Bow Saw
17:16 Heavy Plow
18:01 Gold Shaft Mining
23:40 Wheelbarrow
27:09 Ballistics
26:30 Treadmill Crane
29:33 Imperial Age
26:55 Fletching
27:10 Padded Archer Armor
27:55 Ballistics
27:31 Bodkin Arrow
28:23 Leather Archer Armor
28:52 Yeomen
30:19 Hand Cart
31:20 Conscription
32:04 Bracer
32:47 Ring Archer Armor
35:45 Elite Longbowman
38:22 Chemistry
37:29 Siege Engineers
RagnarLothbrok
1:06 Loom
10:20 Feudal Age
11:59 Double-Bit Axe
14:34 Castle Age
12:41 Horse Collar
15:29 Bow Saw
15:20 Heavy Plow
18:47 Loom
21:14 Wheelbarrow
21:44 Gold Mining
22:40 Stone Mining
23:26 Gold Shaft Mining
24:57 Stone Shaft Mining
28:27 Imperial Age
27:09 Fletching
27:46 Bodkin Arrow
29:07 Hand Cart
30:20 Chemistry
29:55 Scale Mail Armor
29:41 Capped Ram
30:36 Bracer
31:43 Drill
31:01 Siege Ram
31:11 Onager
32:11 Siege Ram
33:16 Bloodlines
33:18 Light Cavalry
34:04 Scale Barding Armor
34:09 Forging
34:49 Padded Archer Armor
34:50 Husbandry
34:50 Hussar
36:22 Ballistics
36:20 Leather Archer Armor
36:48 Chain Barding Armor
36:38 Forging
37:50 Elite Mangudai
No-One-Knows-Me
10:09 Feudal Age
14:14 Castle Age
13:12 Double-Bit Axe
13:34 Horse Collar
16:03 Wheelbarrow
15:54 Heavy Plow
17:02 Town Watch
18:12 Stone Mining
18:40 Loom
19:04 Gold Mining
28:20 Imperial Age
27:05 Hand Cart
27:31 Bow Saw
27:53 Scale Barding Armor
27:59 Forging
28:02 Cavalier
28:43 Husbandry
28:53 Bloodlines
29:25 Chain Barding Armor
29:54 Crop Rotation
30:58 Iron Casting
31:40 Two-Man Saw
32:15 Plate Barding Armor
32:41 Blast Furnace
31:53 Savar
37:23 Gold Shaft Mining
37:42 Light Cavalry
Alexis
11:27 Feudal Age
12:47 Double-Bit Axe
15:08 Castle Age
14:20 Padded Archer Armor
16:16 Leather Archer Armor
16:20 Bow Saw
19:01 Loom
19:27 Horse Collar
20:03 Loom
25:56 Ballistics
30:07 Wheelbarrow
34:32 Imperial Age
32:05 Heavy Plow
31:54 Town Watch
33:51 Gold Mining
34:26 Hand Cart
35:42 Gold Shaft Mining
35:00 Stone Mining
35:25 Scale Barding Armor
35:57 Husbandry
36:09 Bloodlines
36:27 Scale Barding Armor
36:35 Forging
38:05 Chemistry
38:35 Chain Barding Armor
andres
10:18 Feudal Age
14:29 Castle Age
12:50 Double-Bit Axe
13:53 Horse Collar
16:01 Bow Saw
16:50 Fletching
21:49 Gold Mining
22:59 Loom
22:59 Town Watch
24:07 Heavy Plow
27:23 Imperial Age
25:54 Padded Archer Armor
26:37 Wheelbarrow
26:05 Stone Mining
27:12 Leather Archer Armor
28:04 Stone Shaft Mining
28:15 Hand Cart
29:05 Chemistry
29:45 Ring Archer Armor
31:12 Conscription
31:10 Bodkin Arrow
32:03 Town Patrol
37:48 Pirotechnia
38:07 Bracer
Yoalliperro
11:14 Feudal Age
13:16 Double-Bit Axe
13:23 Fletching
15:32 Loom
16:24 Wheelbarrow
19:48 Scale Barding Armor
20:28 Forging
有点b数吧,好好玩
10:46 Feudal Age
14:54 Castle Age
12:46 Double-Bit Axe
12:45 Horse Collar
17:18 Wheelbarrow
20:25 Heavy Plow
21:16 Stone Mining
22:35 Hand Cart
22:47 Gold Mining
24:21 Gold Shaft Mining
28:27 Imperial Age
25:43 Town Watch
26:14 Fletching
26:50 Bodkin Arrow
26:42 Loom
28:55 Ballistics
29:16 Ballistas
28:34 Heavy Scorpion
30:44 Chemistry
30:06 Conscription
31:07 Bow Saw
34:25 Padded Archer Armor
34:30 Scale Barding Armor
34:28 Scale Mail Armor
34:15 Capped Ram
34:57 Town Patrol
35:53 Crop Rotation
36:02 Comitatenses
35:38 Siege Ram
37:07 Man-at-Arms
37:48 Squires
halong1301
10:25 Feudal Age
14:26 Castle Age
12:19 Double-Bit Axe
12:21 Horse Collar
15:35 Bow Saw
16:39 Heavy Plow
20:35 Gold Mining
21:50 Loom
23:37 Gold Shaft Mining
28:43 Imperial Age
26:59 Stone Mining
27:58 Husbandry
28:11 Bloodlines
28:20 Scale Barding Armor
28:26 Forging
28:56 Elite Mameluke
29:13 Light Cavalry
30:26 Chain Barding Armor
31:10 Hussar
32:53 Plate Barding Armor
33:15 Iron Casting
38:21 Blast Furnace
Connection lost

Rejoining the realm…

Still unreachable

The connection could not be restored.

Session expired

The server has moved on; the page needs a fresh start.